[ AOE2 MATCH · #513800163 ]
UnrankedHuns vs Magyars
Player's team · LOSS
Rival team · WIN
[ REPLAY ANALYSIS · EXTRACTED FROM THE RECORDED GAME ]
Feudal
14:25
Castle
20:06
Imperial
34:38
| APM avg | 27.9 |
| APM peak | 64 |
| eAPM avg | 13.1 |
| Villagers / military | 77 / 167 |
Focus
⚔️ 44.2% · 🌾 55.8%
Spearman ×99 · Skirmisher ×26 · Knight ×18 · Tarkan ×12 · Fishing Ship ×9 · Cavalry Archer ×6
Feudal
13:57
Castle
23:07
Imperial
53:13
| APM avg | 58.6 |
| APM peak | 122 |
| eAPM avg | 20.9 |
| Villagers / military | 131 / 237 |
Focus
⚔️ 30.9% · 🌾 69.1%
Knight ×90 · Skirmisher ×50 · Cavalry Archer ×43 · Magyar Huszar ×29 · Fishing Ship ×28 · Scout Cavalry ×10
Match map
Initial resources + every placement click. Lines = walls · curves = elevation contours. ◆ gold · ⬟ stone · ● berries · ✦ relic · ◌ wall gap
Your base· Open — unwalled flank
nnvtn's base· Open — 9t gap
Smoothed initial terrain · ◌ = detected wall gap · hover for details
Inputs per minute
— Macbein - - nnvtn
Build order — Macbein
First 150 of 370 actions detected
| 0:56 | Build | Town Center |
| 2:48 | Queue | Villager (Male) |
| 2:49 | Queue | Villager (Male) |
| 2:49 | Queue | Villager (Male) |
| 3:00 | Queue | Villager (Male) |
| 3:01 | Queue | Villager (Male) |
| 3:44 | Queue | Villager (Male) |
| 4:31 | Queue | Villager (Male) |
| 4:31 | Queue | Villager (Male) |
| 4:46 | Queue | Villager (Male) |
| 5:18 | Queue | Villager (Male) |
| 5:29 | Queue | Villager (Male) |
| 6:01 | Queue | Villager (Male) |
| 6:12 | Queue | Villager (Male) |
| 6:13 | Queue | Villager (Male) |
| 6:38 | Build | Dock |
| 7:14 | Queue | Villager (Male) |
| 7:19 | Queue | Fishing Ship |
| 8:12 | Queue | Villager (Male) |
| 8:35 | Queue | Villager (Male) |
| 8:36 | Queue | Villager (Male) |
| 8:42 | Build | Mining Camp |
| 8:47 | Queue | Transport Ship |
| 8:50 | Queue | Fishing Ship |
| 8:50 | Queue | Fishing Ship |
| 8:54 | Queue | Villager (Male) |
| 9:35 | Queue | Villager (Male) |
| 9:38 | Queue | Fishing Ship |
| 9:54 | Queue | Villager (Male) |
| 9:54 | Queue | Villager (Male) |
| 10:24 | Queue | Villager (Male) |
| 10:48 | Queue | Villager (Male) |
| 10:58 | Research | Loom |
| 11:08 | Queue | Fishing Ship |
| 11:08 | Queue | Fishing Ship |
| 11:45 | Queue | Villager (Male) |
| 12:16 | Research | Feudal Age |
| 12:49 | Build | Dock |
| 13:01 | Build | Barracks |
| 14:25 | Age | Feudal Age |
| 14:38 | Queue | Villager (Male) |
| 14:38 | Queue | Villager (Male) |
| 14:50 | Build | Archery Range |
| 14:59 | Build | Blacksmith |
| 15:03 | Queue | Villager (Male) |
| 15:39 | Queue | Fishing Ship |
| 15:40 | Queue | Fishing Ship |
| 15:49 | Queue | Fishing Ship |
| 16:08 | Queue | Villager (Male) |
| 16:25 | Queue | Spearman |
| 16:43 | Build | Palisade Wall |
| 17:00 | Build | Mining Camp |
| 17:02 | Queue | Villager (Male) |
| 17:16 | Research | Castle Age |
| 17:48 | Build | Mill |
| 17:52 | Queue | Spearman |
| 18:00 | Queue | Spearman |
| 18:05 | Research | Scale Mail Armor |
| 18:21 | Queue | Spearman |
| 18:51 | Build | Lumber Camp |
| 18:55 | Queue | Spearman |
| 19:05 | Build | Stone Wall |
| 19:18 | Queue | Spearman |
| 20:06 | Age | Castle Age |
| 20:28 | Build | Town Center |
| 20:38 | Queue | Villager (Male) |
| 20:38 | Queue | Villager (Male) |
| 20:43 | Research | Double-Bit Axe |
| 20:50 | Queue | Cavalry Archer |
| 21:01 | Queue | Villager (Male) |
| 21:20 | Research | Pikeman (upgrade) |
| 21:46 | Queue | Villager (Male) |
| 21:55 | Research | Gold Mining |
| 22:00 | Research | Bow Saw |
| 22:01 | Queue | Villager (Male) |
| 22:23 | Queue | Cavalry Archer |
| 22:23 | Queue | Cavalry Archer |
| 22:23 | Queue | Cavalry Archer |
| 22:26 | Queue | Spearman |
| 22:27 | Queue | Spearman |
| 22:44 | Research | Forging |
| 22:56 | Queue | Spearman |
| 22:57 | Queue | Villager (Male) |
| 22:59 | Queue | Villager (Male) |
| 22:59 | Queue | Villager (Male) |
| 23:06 | Queue | Cavalry Archer |
| 23:06 | Queue | Cavalry Archer |
| 23:18 | Queue | Villager (Male) |
| 23:49 | Queue | Spearman |
| 23:49 | Queue | Spearman |
| 23:59 | Queue | Spearman |
| 24:01 | Queue | Villager (Male) |
| 24:17 | Build | Castle |
| 24:32 | Queue | Villager (Male) |
| 25:07 | Queue | Villager (Male) |
| 25:08 | Queue | Villager (Male) |
| 26:22 | Queue | Villager (Male) |
| 26:27 | Research | Town Watch |
| 26:33 | Queue | Villager (Male) |
| 27:12 | Build | Mining Camp |
| 27:35 | Queue | Hulk |
| 27:37 | Queue | Hulk |
| 27:57 | Queue | Villager (Male) |
| 28:09 | Build | Market |
| 28:15 | Build | Farm |
| 28:16 | Build | Farm |
| 28:16 | Build | Farm |
| 28:16 | Build | Farm |
| 28:17 | Build | Farm |
| 28:17 | Build | Farm |
| 28:17 | Build | Farm |
| 28:17 | Build | Farm |
| 28:18 | Build | Farm |
| 28:19 | Build | Farm |
| 28:23 | Research | Horse Collar |
| 28:39 | Queue | Villager (Male) |
| 28:50 | Queue | Hulk |
| 29:16 | Build | Farm |
| 29:18 | Build | Farm |
| 29:19 | Build | Farm |
| 29:23 | Build | Farm |
| 29:26 | Build | Farm |
| 29:28 | Queue | Villager (Male) |
| 30:50 | Research | Fletching |
| 30:52 | Research | Elite Skirmisher (upgrade) |
| 30:53 | Queue | Villager (Male) |
| 31:01 | Build | University |
| 31:03 | Queue | Villager (Male) |
| 31:19 | Research | Imperial Age |
| 31:51 | Queue | Villager (Male) |
| 31:51 | Queue | Villager (Male) |
| 32:05 | Build | Archery Range |
| 32:07 | Build | Archery Range |
| 32:52 | Build | Castle |
| 33:04 | Build | Watch Tower |
| 33:24 | Queue | Skirmisher |
| 33:24 | Queue | Skirmisher |
| 33:24 | Queue | Skirmisher |
| 33:25 | Queue | Skirmisher |
| 33:58 | Research | Bodkin Arrow |
| 34:02 | Queue | Skirmisher |
| 34:02 | Queue | Skirmisher |
| 34:05 | Research | Ballistics |
| 34:15 | Queue | Villager (Male) |
| 34:38 | Age | Imperial Age |
| 34:48 | Queue | Trebuchet (Packed) |
| 34:48 | Queue | Trebuchet (Packed) |
| 35:36 | Build | Lumber Camp |
| 35:45 | Queue | Skirmisher |
| 35:49 | Research | Thumb Ring |
Build order — nnvtn
First 150 of 439 actions detected
| 0:16 | Build | House |
| 0:42 | Build | Town Center |
| 1:08 | Build | Dock |
| 1:45 | Build | House |
| 2:44 | Queue | Villager (Male) ×4 |
| 2:44 | Queue | Villager (Male) ×4 |
| 4:25 | Queue | Villager (Male) |
| 4:30 | Queue | Fishing Ship |
| 5:17 | Queue | Villager (Male) |
| 5:17 | Queue | Villager (Male) |
| 5:22 | Queue | Fishing Ship |
| 5:22 | Queue | Fishing Ship |
| 5:51 | Queue | Villager (Male) |
| 5:52 | Queue | Villager (Male) |
| 6:06 | Queue | Fishing Ship |
| 6:24 | Queue | Villager (Male) |
| 6:24 | Queue | Villager (Male) |
| 6:28 | Research | Loom |
| 6:42 | Build | House |
| 6:57 | Queue | Fishing Ship |
| 6:58 | Queue | Fishing Ship |
| 7:00 | Queue | Villager (Male) |
| 7:00 | Queue | Villager (Male) |
| 7:25 | Queue | Fishing Ship |
| 7:25 | Queue | Fishing Ship |
| 7:42 | Queue | Villager (Male) |
| 7:42 | Queue | Villager (Male) |
| 8:01 | Queue | Fishing Ship |
| 8:11 | Queue | Villager (Male) |
| 8:31 | Queue | Villager (Male) |
| 8:36 | Queue | Villager (Male) |
| 8:43 | Build | House |
| 8:47 | Build | House |
| 8:51 | Queue | Villager (Male) |
| 8:51 | Queue | Villager (Male) |
| 9:13 | Queue | Villager (Male) |
| 9:37 | Queue | Villager (Male) |
| 9:37 | Queue | Villager (Male) |
| 9:44 | Build | House |
| 9:46 | Queue | Fishing Ship |
| 9:46 | Queue | Fishing Ship |
| 9:48 | Queue | Villager (Male) |
| 10:31 | Queue | Villager (Male) |
| 10:37 | Queue | Villager (Male) |
| 10:41 | Queue | Fishing Ship |
| 10:50 | Queue | Villager (Male) |
| 11:14 | Queue | Villager (Male) |
| 11:17 | Build | Mill |
| 11:22 | Queue | Villager (Male) |
| 11:47 | Research | Feudal Age |
| 11:47 | Research | Feudal Age |
| 11:50 | Queue | Villager (Male) |
| 12:01 | Queue | Fishing Ship |
| 12:20 | Build | House |
| 12:21 | Build | House |
| 12:23 | Queue | Villager (Male) |
| 12:42 | Build | Lumber Camp |
| 12:45 | Queue | Villager (Male) |
| 12:49 | Queue | Villager (Male) |
| 13:13 | Queue | Villager (Male) |
| 13:17 | Queue | Villager (Male) |
| 13:54 | Build | Barracks |
| 13:57 | Age | Feudal Age |
| 14:06 | Research | Fishing Lines |
| 14:14 | Queue | Villager (Male) |
| 14:19 | Research | Double-Bit Axe |
| 14:50 | Build | Stable |
| 14:53 | Queue | Villager (Male) |
| 15:01 | Queue | Villager (Male) |
| 15:23 | Build | Mining Camp |
| 15:25 | Queue | Villager (Male) |
| 15:25 | Queue | Villager (Male) |
| 15:34 | Queue | Scout Cavalry |
| 15:34 | Queue | Scout Cavalry |
| 15:35 | Queue | Scout Cavalry |
| 15:39 | Queue | Villager (Male) |
| 15:47 | Queue | Fire Galley |
| 15:47 | Queue | Fire Galley |
| 16:07 | Queue | Villager (Male) |
| 16:07 | Queue | Villager (Male) |
| 16:12 | Queue | Scout Cavalry |
| 16:46 | Queue | Villager (Male) |
| 16:51 | Queue | Fire Galley |
| 17:09 | Build | Dock |
| 17:41 | Queue | Villager (Male) |
| 17:48 | Build | House |
| 17:55 | Build | House |
| 17:56 | Build | House |
| 17:57 | Build | House |
| 17:58 | Build | House |
| 18:21 | Queue | Scout Cavalry |
| 18:23 | Queue | Scout Cavalry |
| 18:23 | Queue | Scout Cavalry |
| 18:27 | Build | Blacksmith |
| 19:10 | Queue | Villager (Male) |
| 19:16 | Queue | Villager (Male) |
| 20:24 | Queue | Villager (Male) |
| 20:25 | Research | Castle Age |
| 20:48 | Queue | Villager (Male) |
| 20:57 | Research | Scale Barding Armor |
| 21:00 | Research | Bloodlines |
| 21:05 | Build | Stable |
| 21:06 | Build | Stable |
| 21:09 | Queue | Villager (Male) |
| 21:52 | Build | Farm |
| 21:52 | Build | Farm |
| 21:52 | Build | Farm |
| 21:52 | Build | Farm |
| 21:52 | Build | Farm |
| 21:53 | Build | Farm |
| 21:53 | Build | Farm |
| 21:53 | Build | Farm |
| 21:53 | Build | Farm |
| 21:57 | Research | Horse Collar |
| 22:23 | Build | Farm |
| 22:23 | Build | Farm |
| 22:23 | Build | Farm |
| 22:23 | Build | Farm |
| 22:24 | Build | Farm |
| 22:24 | Build | Farm |
| 22:24 | Build | Farm |
| 22:24 | Build | Farm |
| 22:27 | Queue | Villager (Male) |
| 22:30 | Research | Gold Mining |
| 22:31 | Research | Gold Mining |
| 23:07 | Age | Castle Age |
| 23:34 | Build | Archery Range |
| 23:37 | Build | Archery Range |
| 23:44 | Build | Palisade Wall |
| 23:49 | Build | Stone Wall |
| 23:53 | Queue | Villager (Male) |
| 23:53 | Queue | Villager (Male) |
| 23:56 | Research | Husbandry |
| 23:58 | Research | Light Cavalry (upgrade) |
| 24:15 | Build | Archery Range |
| 24:18 | Queue | Villager (Male) |
| 24:18 | Queue | Villager (Male) |
| 24:35 | Queue | Knight |
| 24:35 | Queue | Knight |
| 24:36 | Queue | Knight |
| 24:38 | Queue | Knight |
| 24:38 | Queue | Knight |
| 24:38 | Queue | Knight |
| 24:38 | Queue | Knight |
| 24:46 | Queue | Villager (Male) |
| 24:46 | Queue | Villager (Male) |
| 25:08 | Queue | Cavalry Archer ×2 |
| 26:10 | Queue | Cavalry Archer ×3 |
| 26:11 | Queue | Cavalry Archer ×3 |
| 26:12 | Queue | Villager (Male) |
Match timeline
| 1:08 | nnvtn · first_building Dock |
| 6:38 | Macbein · first_building Dock |
| 13:01 | Macbein · first_building Barracks |
| 13:54 | nnvtn · first_building Barracks |
| 13:57 | nnvtn · age_up feudal |
| 14:25 | Macbein · age_up feudal |
| 14:50 | Macbein · first_building Archery Range |
| 14:50 | nnvtn · first_building Stable |
| 16:43 | Macbein · wall_segment Palisade Wall x6 |
| 19:05 | Macbein · wall_segment Stone Wall x5 |
| 20:06 | Macbein · age_up castle |
| 23:07 | nnvtn · age_up castle |
| 23:34 | nnvtn · first_building Archery Range |
| 23:44 | nnvtn · wall_segment Palisade Wall x1 |
| 23:49 | nnvtn · wall_segment Stone Wall x1 |
| 24:17 | Macbein · first_building Castle |
| 30:41 | nnvtn · first_market_sell 100 food |
| 31:08 | Macbein · first_market_sell 100 wood |
| 31:11 | Macbein · first_market_buy 100 food |
| 34:11 | nnvtn · first_building Siege Workshop |
| 34:38 | Macbein · age_up imperial |
| 35:54 | nnvtn · first_building Castle |
| 37:01 | Macbein · first_building Stable |
| 53:13 | nnvtn · age_up imperial |
| 55:47 | nnvtn · first_building Monastery |
| 61:27 | Macbein · resign |
[ AI ANALYSIS · 1 CREDIT ]
What really happened in this match?
Wolo.gg analyzes every decision: build order, eco, micro, common mistakes by bracket. Personalized analysis on WhatsApp or Discord in 30 seconds.
Civ guide
Huns
Perfil
Jugador #25101137